 Dungeon Crawl Stone Soup version 0.18.1-50-g88ac8fd (webtiles) character file.

76 Hercules the Slinger (level 4, 0/29 HPs)
             Began as a Halfling Hunter on Sept 24, 2016.
             Succumbed to an orc's poison
             ... on level 3 of the Dungeon.
             The game lasted 00:03:02 (1229 turns).

Hercules the Slinger (Halfling Hunter)              Turns: 1229, Time: 00:03:03

Health: 0/29       AC:  3    Str:  9 (12) XL:     4   Next: 57%
Magic:  4/4        EV: 14    Int:  9 (10) God:
Gold:   61         SH:  0    Dex: 11 (13) Spells: 0 memorised, 3 levels left

rFire  . . .     SeeInvis .     a - +1 hunting sling
rCold  . . .     Gourm    .     c - +0 leather armour
rNeg   . . .     Faith    .     (shield restricted)
rPois  .         Spirit   .     (no helmet)
rElec  .         Dismiss  .     (no cloak)
rCorr  .         Reflect  .     (no gloves)
SustAt .         Harm     .     (no boots)
MR     .....                    l - amulet of inaccuracy (curse)
Stlth  +.........               (no ring)
                                (no ring)

@: lethally poisoned (0 -> -4), not resistant to hostile enchantments, very
unstealthy
A: clumsy 1, mutation resistance 1
a: no special abilities


You were on level 3 of the Dungeon.
You were not hungry.

You visited 1 branch of the dungeon, and saw 3 of its levels.

You collected 61 gold pieces.

Inventory:

Hand Weapons
 a - a +1 hunting sling (weapon)
 b - a +2 dagger of venom
 o - a +0 short sword
Missiles
 d - 60 sling bullets
 g - 38 stones (quivered)
Armour
 c - a +0 leather armour (worn)
Jewellery
 l - a cursed amulet of inaccuracy (around neck)
Wands
 e - a wand of confusion (18/48)
 m - a wand of teleportation (6/9)
Scrolls
 k - a scroll of identify
 n - a scroll of immolation {unknown}
Potions
 h - a potion of cancellation
Comestibles
 f - 3 bread rations
 i - 2 meat rations
 j - a beef jerky


   Skills:
 - Level 1.7 Fighting
 + Level 8.2 Slings
 - Level 2.1 Dodging
 - Level 1.1 Stealth


You had 3 spell levels left.
You didn't know any spells.

Dungeon Overview and Level Annotations

Branches:
Dungeon (3/15)

Altars:
Ashenzari


Innate Abilities, Weirdness & Mutations

You are small and have problems with some larger weapons.
You are somewhat resistant to further mutation.
You are clumsy. (Dex -2)


Message History

You feel sick.
* * * LOW HITPOINT WARNING * * *
You feel sick.
* * * LOW HITPOINT WARNING * * *
You feel sick.
* * * LOW HITPOINT WARNING * * *
You feel sick.
* * * LOW HITPOINT WARNING * * *
You feel sick.
* * * LOW HITPOINT WARNING * * *
You feel sick.
* * * LOW HITPOINT WARNING * * *
You feel sick.
* * * LOW HITPOINT WARNING * * *
You feel sick.
* * * LOW HITPOINT WARNING * * *
You feel sick.
* * * LOW HITPOINT WARNING * * *
You feel sick.
You die...

# . ... .. #.
(.## .. .....#
.# .#..... ##
.(.#. .. ... #
#.# #[### #
#(.@# # ###.# #
#.# # #.# #
###.###.######.
#
##..............
#
#....###.#######
# .#......# #
#...###..#


There were no monsters in sight!

Vanquished Creatures
  2 adders (D:2)
  An ooze (D:1)
  3 worms
  2 dart slugs (D:1)
  A giant gecko (D:1)
  2 orcs (D:3)
  2 ball pythons (D:1)
  A giant cockroach (D:2)
  6 goblins
  6 hobgoblins
  2 jackals (D:1)
  2 kobolds (D:1)
  3 bats
  2 giant newts
  4 rats
39 creatures vanquished.

Notes
Turn   | Place    | Note
--------------------------------------------------------------
     0 | D:1      | Hercules the Halfling Hunter began the quest for the Orb.
     0 | D:1      | Reached XP level 1. HP: 14/14 MP: 1/1
    20 | D:1      | Reached skill level 6 in Slings
    39 | D:1      | Reached XP level 2. HP: 19/19 MP: 2/2
   159 | D:1      | Reached skill level 7 in Slings
   159 | D:1      | Reached XP level 3. HP: 24/24 MP: 3/3
   571 | D:2      | Reached XP level 4. HP: 27/29 MP: 4/4
   826 | D:2      | Found a shattered altar of Ashenzari.
   881 | D:2      | Reached skill level 8 in Slings
  1065 | D:3      | Gained mutation: You are clumsy. (Dex -2) [potion of mutation]
  1227 | D:3      | HP: 1/29 [poisoned by an orc]
  1229 | D:3      | Succumbed to an orc's poison

Skill      XL: |  1  2  3  4 |
---------------+-------------+-----
Slings         | 6 7 8 |  8.2
Fighting       | |  1.7
Dodging        | |  2.1
Stealth        | |  1.1

Action                   |  1- 3 |  4- 6 || total
-------------------------+-------+-------++-------
 Fire: Hunting sling     |    65 |    77 ||   142
  Use: Scroll            |     4 |       ||     4
       Potion            |       |     3 ||     3
  Eat: Chunk             |       |     1 ||     1
Armor: Leather armour    |     5 |     6 ||    11
Dodge: Dodged            |    11 |    27 ||    38
